 Dungeon Crawl Stone Soup version 0.30-a0-883-g5ad918d77d (webtiles) character file.

Game seed: 5207864596381730319

613 pokedragonboy the Poker (level 7, 0/96 HPs)
             Began as a Naga Warper on Mar 16, 2023.
             Slain by an ogre
             ... wielding a +0 giant spiked club
              (23 damage)
             ... on level 4 of the Dungeon.
             The game lasted 00:09:07 (3279 turns).

pokedragonboy the Poker (Naga Warper)               Turns: 3279, Time: 00:09:07

Health: 0/96       AC: 23    Str: 14    XL:     7   Next: 44%
Magic:  18/18      EV:  1    Int: 20    God:
Gold:   181        SH:  0    Dex: 10    Spells: 5/10 levels left

rFire   . . .      SeeInvis +    g - +2 scythe (venom)
rCold   . . .      Faith    .    (shield currently unavailable)
rNeg    . . .      Spirit   .    b - melded +0 leather armour
rPois   +          Reflect  .    (helmet currently unavailable)
rElec   .          Rampage  .    i - melded +0 cloak
rCorr   +          NoTele   +    A - melded +0 pair of gloves
Will    .....                    (no barding)
Stlth   +                        (no amulet)
HPRegen 0.36/turn                f - ring of magical power
MPRegen 0.16/turn                n - ring of Suspected Treachery {rPois rCorr Int+5}

@: short of breath, tree-form
A: stationary, stasis, torment immunity, boosted hp, AC +2, large, see
invisible, (deformed body), (poison resistance), (slowness 2), spit poison 1,
(naga tail 1), low MP 1
a: Spit Poison


You were on level 4 of the Dungeon.
You were a tree.
You visited 1 branch of the dungeon, and saw 4 of its levels.

You collected 181 gold pieces.

Inventory:

Hand Weapons
 a - a +1 spear
 g - a +2 scythe of venom (weapon)
 w - a +0 shortbow
 y - a +2 whip of distortion
 D - a +1 war axe of venom
Missiles
 d - 4 boomerangs of dispersal (quivered)
 E - 6 silver javelins
 F - 2 javelins
Armour
 b - a +0 leather armour (melded)
 i - a +0 cloak (melded)
 j - a +0 robe of resistance
 A - a +0 pair of gloves (melded)
 B - a +0 chain mail
Magical Staves
 t - a staff of conjuration
Jewellery
 f - a ring of magical power (left branch)
 n - the ring of Suspected Treachery (right branch) {rPois rCorr Int+5}
   (You found it on level 2 of the Dungeon)

   [ring of poison resistance]

   Int:       It affects your intelligence (+5).
   rPois:     It protects you from poison.
   rCorr:     It protects you from acid and corrosion.
Wands
 v - a wand of iceblast (6)
 z - a wand of light (6)
Scrolls
 c - a scroll of blinking
 k - a scroll of summoning
 l - a scroll of teleportation {unknown}
 m - a scroll of fog {unknown}
 p - a scroll of vulnerability
 q - a scroll of enchant armour {unknown}
 s - a scroll of magic mapping {unknown}
 C - 2 scrolls of identify
Potions
 e - 2 potions of brilliance
 h - 2 potions of flight
 o - 3 potions of attraction {unknown}
 x - a potion of might {unknown}


   Skills:
 + Level 4.0 Fighting
 * Level 5.5 Polearms
 - Level 0.8 Throwing
 + Level 1.5 Armour
 + Level 3.3 Dodging
 - Level 2.3 Spellcasting
 - Level 3.2 Translocations


You had 5 spell levels left.
You knew the following spells:

 Your Spells              Type           Power      Damage    Failure   Level
b - Teleport Other        Tloc           15%        N/A       12%         3
m - Blink                 Tloc           30%        N/A       6%          2

Your spell library contained the following spells:

 Spells                   Type           Power      Damage    Failure   Level
 Apportation              Tloc           30%        N/A       4%          1
 Lesser Beckoning         Tloc           30%        N/A       6%          2
 Magic Dart               Conj           8%         1d3       16%         1
 Ensorcelled Hibernation  Hex/Ice        4%         N/A       24%         2
 Passwall                 Tmut/Erth      1%         N/A       24%         2
 Searing Ray              Conj           4%         2d4       24%         2
 Vhi's Electric Charge    Tloc/Air       16%        N/A       24%         3
 Manifold Assault         Tloc           15%        N/A       38%         4
 Swiftness                Air            2%         N/A       43%         3
 Fulminant Prism          Conj/Hex       1%         3d5       83%         4
 Alistair's Intoxication  Tmut/Pois      1%         N/A       99%         5


Dungeon Overview and Level Annotations

Branches:
Dungeon (4/15)
 Temple: D:4-7

Altars:


Innate Abilities, Weirdness & Mutations

You are a tree.
Your roots penetrate the ground, keeping you stationary.
You cannot be teleported.
You are immune to unholy pain and torment.
Your maximum health is greatly increased.
Your equipment is partially melded.
((Your serpentine skin is tough. (AC +2)))
You have supernaturally acute eyesight. (SInv)
((Armour fits poorly on your strangely shaped body.))
((Your system is resistant to poisons. (rPois)))
((You cover ground very slowly.))
You can spit poison.
((You have a snake-like lower body.))
Your magical capacity is low. (-10% MP)


Message History

You destroy Menkaure!
The goblin hits you with a +0 dagger.
* * * LOW HITPOINT WARNING * * *
Your Fighting skill increases to level 4!
You feel better. The goblin hits you but does no damage.
You closely miss the goblin.
The goblin is moderately wounded.
The goblin closely misses you.
You barely miss the goblin.
The goblin is moderately wounded.
The goblin hits you with a +0 dagger.
* * * LOW HITPOINT WARNING * * *
Aiming: Spit Poison (1% risk of failure)
Press: ? - help, Shift-Dir - straight line, f - goblin
Aim: a goblin, wielding a +0 dagger (moderately wounded, 50% to hit)
The splash of poison hits the goblin!
You kill the goblin!
You start resting.
You have got your breath back.
You start resting.
An ogre comes into view. It is wielding a +0 giant spiked club.
An ogre is nearby!
The ogre shouts!
Aiming: Spit Poison (1% risk of failure)
Press: ? - help, Shift-Dir - straight line, f - ogre
Aim: an ogre, wielding a +0 giant spiked club (81% to hit)
The splash of poison hits the ogre.
The ogre is poisoned.
The ogre is lightly wounded.
Really quaff the potion of lignification?
You turn into a tree.
Your +0 cloak melds into your body.
Your +0 pair of gloves melds into your body.
Your +0 leather armour melds into your body.
Your roots penetrate the ground.
You puncture the ogre!
The ogre looks even sicker.
The ogre is heavily wounded.
The ogre hits you but does no damage.
You barely miss the ogre.
The ogre is severely wounded.
The ogre hits you with a +0 giant spiked club!!
You die...

#........#
#..#######
#..#.. #..#.#
## #..#.# ...
#..#.# ..#
######..#.# ..
#.......#.##.#
#.####.♣O..).#
#.#..........#
#)#.#...#.....#
#.# #...###.#.#
#.# ##..# .#.#
#.# ...# .# #
#.# #...# .#
#.# #...< .#
#.# #.#.#


You could see an ogre (very poisoned).

Vanquished Creatures
  Sigmund (D:2)
  Menkaure (D:4)
  A centaur (D:3)
  An ogre (D:4)
  Ijyb (D:3)
  3 gnolls (D:3)
  2 adders (D:4)
  A worm (D:2)
  3 dart slugs
  6 orcs
  7 ball pythons
  5 bats
  10 endoplasms
  5 giant cockroaches
  8 goblins
  7 hobgoblins
  2 quokkas (D:1)
  3 frilled lizards
  8 kobolds
  5 rats
80 creatures vanquished.

Notes
Turn   | Place    | Note
-------+----------+-------------------------------------------
     0 | D:1      | pokedragonboy the Naga Warper began the quest for the Orb.
     0 | D:1      | Reached XP level 1. HP: 19/19 MP: 3/3
    34 | D:1      | Reached XP level 2. HP: 14/26 MP: 5/5
   293 | D:1      | Reached XP level 3. HP: 27/32 MP: 6/6
   845 | D:2      | Identified the ring of Suspected Treachery {rPois rCorr
                  | Int+5}
   995 | D:2      | Noticed Sigmund
  1026 | D:2      | Killed Sigmund
  1027 | D:2      | Reached skill level 4 in Polearms
  1027 | D:2      | Reached XP level 4. HP: 18/42 MP: 7/7
  1027 | D:2      | Reached XP level 5. HP: 21/49 MP: 8/8
  1699 | D:2      | Gained mutation: Your magical capacity is low. (-10% MP)
                  | [potion of mutation]
  2069 | D:3      | Noticed Ijyb
  2078 | D:3      | Killed Ijyb
  2079 | D:3      | Reached XP level 6. HP: 40/56 MP: 8/8
  2867 | D:3      | Learned a level 3 spell: Teleport Other
  2989 | D:4      | Reached skill level 5 in Polearms
  2989 | D:4      | Reached skill level 1 in Armour
  2989 | D:4      | Reached XP level 7. HP: 38/63 MP: 9/9
  3099 | D:4      | Learned a level 2 spell: Blink
  3248 | D:4      | Noticed Menkaure
  3259 | D:4      | Killed Menkaure
  3279 | D:4      | Slain by an ogre

Illustrated notes

Levels and vault maps discovered:
D:1:      matt_arrival_diagonals, layout_basic, minmay_bisected
D:2:      layout_basic, minmay_tripent, uniq_sigmund
D:3:      layout_basic, uniq_ijyb
D:4:      layout_basic, uniq_menkaure

Skill      XL: |  1  2  3  4  5  6  7 |
---------------+----------------------+-----
Fighting       | 3 4 |  4.0
Polearms       | 4 5 |  5.5
Dodging        | 2 3 |  3.3
Armour         | 1 |  1.5
Throwing       | |  0.8
Spellcasting   | |  2.3
Translocations | |  3.2

Action                     |  1- 3 |  4- 6 |  7- 9 || total
---------------------------+-------+-------+-------++-------
  Melee: Spear             |    97 |     6 |       ||   103
         Halberd           |       |    63 |    27 ||    90
  Throw: Boomerang         |     2 |     1 |       ||     3
         Javelin           |       |       |     1 ||     1
Ability: Spit Poison       |    13 |    11 |     4 ||    28
    Use: Scroll            |     1 |     4 |       ||     5
         Potion            |     4 |     1 |     3 ||     8
   Stab: Sleeping          |       |       |     1 ||     1
 Armour: Leather armour    |    27 |    10 |    11 ||    48
         Skin              |     1 |       |     1 ||     2
  Dodge: Dodged            |    43 |    35 |    17 ||    95

Table legend: (Time is in decaauts)
 A = Elapsed time spent in this place.
 B = Non-inter-level travel time spent in this place.
 C = Inter-level travel time spent in this place.
 D = Time resting spent in this place.
 E = Time spent auto-exploring this place.
 F = Levels seen in this place.
 G = Mean time per level.
                   A        B        C        D        E       F      G
               +--------+--------+--------+--------+--------+-----+--------+
         Total |   4083 |   3937 |    146 |    816 |   2407 |   4 | 1020.8 |
       Dungeon |   4083 |   3937 |    146 |    816 |   2407 |   4 | 1020.8 |
               +--------+--------+--------+--------+--------+-----+--------+

Top non-repeatable levels by time:
     D:2: 1473 daAuts
     D:3: 1152 daAuts
     D:1: 1021 daAuts
     D:4: 435 daAuts
